 Dungeon Crawl Stone Soup version 0.20-a0-9-g62d82d9 (webtiles) character file.

5621 JeffiDaFish the Blocker (level 10, -2/63 HPs)
             Began as a Gargoyle Fighter on Nov 2, 2016.
             Was a Believer of Makhleb.
             Slain by an elephant (7 damage)
             ... on level 1 of the Lair of Beasts.
             The game lasted 00:26:41 (9860 turns).

JeffiDaFish the Blocker (Gargoyle Fighter)          Turns: 9860, Time: 00:26:42

Health: -2/63      AC: 21    Str: 22    XL:     10   Next: 73%
Magic:  18/18      EV:  6    Int:  9    God:    Makhleb [**....]
Gold:   613        SH: 12    Dex: 10    Spells: 1 memorised, 18 levels left

rFire  . . .     SeeInvis .     a - +1 rapier
rCold  . . .     Gourm    .     n - +1 plate armour
rNeg   + . .     Faith    .     c - +1 shield
rPois  ∞         Spirit   .     (no helmet)
rElec  +         Reflect  .     (no cloak)
rCorr  +         Harm     .     (no gloves)
MR     .....                    (no boots)
Stlth  ..........               d - amulet of rage
                                e - +2 ring of slaying
                                i - ring of resist corrosion

@: no status effects
A: negative energy resistance 1, electricity resistance, unbreathing,
petrification resistance, rot immunity, AC +7
a: Minor Destruction, Renounce Religion, Evoke Berserk Rage


You were on level 1 of the Lair of Beasts.
You worshipped Makhleb.
Makhleb was pleased with you.
You were not hungry.

You visited 2 branches of the dungeon, and saw 9 of its levels.
You also visited: Volcano.

You collected 613 gold pieces.

Inventory:

Hand Weapons
 a - a +1 rapier (weapon)
Armour
 c - a +1 shield (worn)
 n - a +1 plate armour (worn)
Jewellery
 d - an amulet of rage (around neck)
 e - a +2 ring of slaying (right hand)
 i - a ring of resist corrosion (left hand)
 l - an uncursed amulet of magic regeneration {unknown}
Wands
 u - a wand of slowing (33/48)
Scrolls
 k - 3 scrolls of identify
 m - 5 scrolls of recharging
 w - a scroll of remove curse
Potions
 b - a potion of might
 j - 2 potions of flight
 o - 2 potions of agility
 s - a potion of brilliance
Books
 p - a book of Cantrips

   Spells                             Type                      Level
   a - Confusing Touch                Hexes                        1
   b - Animate Skeleton               Necromancy                   1
   c - Summon Small Mammal            Summoning                    1
   d - Apportation                    Translocation                1
 t - a book of Conjurations

   Spells                             Type                      Level
   a - Magic Dart                     Conjuration                  1
   b - Searing Ray                    Conjuration                  2
   c - Dazzling Spray                 Conjuration/Hexes            3
   d - Fulminant Prism                Conjuration/Hexes            4
   e - Iskenderun's Mystic Blast      Conjuration                  4
   f - Iskenderun's Battlesphere      Conjuration/Charms           5
Comestibles
 f - 12 bread rations
 h - 4 meat rations
 q - 2 beef jerkies
 r - 3 slices of pizza


   Skills:
 + Level 7.4 Fighting
 + Level 6.5 Short Blades
 + Level 7.7 Armour
 - Level 2.1 Dodging
 - Level 0.5 Stealth
 + Level 8.0 Shields
 + Level 5.3 Spellcasting
 + Level 4.6 Necromancy


You had 18 spell levels left.
You knew the following spells:

 Your Spells              Type           Power        Failure   Level  Hunger
a - Animate Skeleton      Necr           N/A          98%         1    #......


Dungeon Overview and Level Annotations

Branches:
Dungeon (8/15)             Temple (0/1) D:4            Lair (1/6) D:8

Altars:
Ashenzari
Dithmenos
Kikubaaqudgha
Makhleb
Okawaru
Ru
Uskayaw
Yredelemnul
Zin

Shops:
D:7 [


Innate Abilities, Weirdness & Mutations

You are resistant to torment.
Your stone body is resilient. (AC +7)
You are immune to poison.
You resist negative energy. (rN+)
You are resistant to electric shocks. (rElec)
You can survive without breathing.
You are immune to petrification.
You are immune to rotting.


Message History

* * * LOW HITPOINT WARNING * * *
You hold your ground!
The elephant trunk-slaps you but does no damage.
You hit the elephant.
The elephant is heavily wounded.
The elephant tramples you.
* * * LOW HITPOINT WARNING * * *
You hold your ground!
You block the elephant's attack.
All of the chunks of flesh in your inventory have rotted away.
You completely miss the elephant.
The elephant is heavily wounded.
The elephant barely misses you. You block the elephant's attack.
You hit the elephant but do no damage.
The elephant is heavily wounded.
The elephant barely misses you.
The elephant trunk-slaps you but does no damage.
You hit the elephant but do no damage.
The elephant is heavily wounded.
The elephant tramples you!
You die...

.. ##..###..# ..
##..###.Y# ..# ######
#P...##.Y# ...##....###
##..##.Y.# ...........##
#..###Y.# ......###...#
#..# #..#
.....###.#..####..# #..##
###### .....#
####...#.Y.###....###.....
...YY###
##....@#.###....#..##P#
.###YY.# #....####
##.....##### # #....#
#..### #.......# # ###..##
#### ##....### ## #...#
#......####. #...#
#.......P#.. #...#
#..###P...... .. #...##
#... #......# .. ##...#
..# #......#


You could see an elephant.

Vanquished Creatures
  A spiny frog (Lair:1)
  A komodo dragon (Lair:1)
  A hippogriff (Lair:1)
  A spriggan (D:7)
  Sigmund (D:2)
  A fire bat (Volcano)
  5 yaks (Lair:1)
  A basilisk (Lair:1)
  5 humans (D:6)
  Menkaure (D:4)
  2 orc warriors
  A porcupine (Lair:1)
  An ice beast (D:8)
  A sky beast (D:8)
  A phantom (D:6)
  3 ogres
  4 centaurs
  5 bullfrogs
  2 scorpions
  6 killer bees (D:8)
  3 crimson imps
  A centaur zombie (D:7)
  A quasit (D:7)
  2 orc priests
  A jelly (D:6)
  9 orc wizards
  A centaur skeleton (D:8)
  2 iguanas (D:6)
  4 worker ants
  A hound skeleton (D:4)
  4 gnolls (D:6)
  12 adders
  A shadow imp (D:8)
  An ooze (D:1)
  2 adder zombies (D:8)
  4 worms
  4 dart slugs
  A leopard gecko (D:4)
  29 orcs
  3 ball pythons
  7 bats
  7 giant cockroaches
  12 goblins
  11 hobgoblins
  15 jackals
  2 frilled lizards
  A giant cockroach zombie (D:6)
  A jackal skeleton (D:4)
  11 kobolds
  A leopard gecko skeleton (D:6)
  6 rats
204 creatures vanquished.

Vanquished Creatures (others)
  2 fungi (Lair:1)
  3 plants (Lair:1)
5 creatures vanquished.

Grand Total: 209 creatures vanquished

Notes
Turn   | Place    | Note
-------+----------+-------------------------------------------
     0 | D:1      | JeffiDaFish the Gargoyle Fighter began the quest for the Orb.
     0 | D:1      | Reached XP level 1. HP: 14/14 MP: 1/1
    80 | D:1      | Reached XP level 2. HP: 15/19 MP: 2/2
   185 | D:1      | Reached XP level 3. HP: 5/23 MP: 3/3
  1033 | D:2      | Reached skill level 4 in Shields
  1043 | D:2      | Found a shattered altar of Ashenzari.
  1045 | D:2      | Reached skill level 1 in Dodging
  1045 | D:2      | Reached XP level 4. HP: 28/28 MP: 4/4
  1274 | D:2      | Noticed a hand axe
  1275 | D:2      | Found a hide-covered altar of Uskayaw.
  1280 | D:2      | Noticed a hand axe
  1313 | D:2      | Noticed Sigmund
  1319 | D:2      | Killed Sigmund
  1319 | D:2      | Reached XP level 5. HP: 26/33 MP: 5/5
  1319 | D:2      | Reached XP level 6. HP: 30/38 MP: 6/6
  1636 | D:3      | Found an iron altar of Okawaru.
  1694 | D:3      | Found a sacrificial altar of Ru.
  1819 | D:3      | Found a faded altar of an unknown god.
  1919 | D:3      | Found a basalt altar of Yredelemnul.
  1969 | D:3      | Found a shadowy altar of Dithmenos.
  2319 | D:3      | Found a glowing silver altar of Zin.
  2393 | D:3      | Learned a level 1 spell: Animate Skeleton
  2875 | D:4      | Found a burning altar of Makhleb.
  2889 | D:4      | Became a worshipper of Makhleb the Destroyer
  3137 | D:4      | Reached XP level 7. HP: 43/43 MP: 8/8
  3220 | D:4      | Reached skill level 1 in Spellcasting
  3416 | D:4      | Found a staircase to the Ecumenical Temple.
  3422 | D:4      | Noticed Menkaure
  3432 | D:4      | Killed Menkaure
  3432 | D:4      | Reached skill level 5 in Shields
  3432 | D:4      | Reached skill level 1 in Necromancy
  3558 | D:5      | Entered Level 5 of the Dungeon
  4471 | D:6      | Reached * piety under Makhleb
  4640 | D:6      | Reached XP level 8. HP: 48/48 MP: 11/11
  4656 | D:6      | Reached skill level 5 in Armour
  4760 | D:6      | HP: 2/48 [ogre/giant spiked club (16)]
  5258 | D:6      | Reached skill level 5 in Fighting
  5657 | D:6      | Reached skill level 6 in Shields
  5665 | D:6      | Reached XP level 9. HP: 54/54 MP: 13/13
  5680 | D:6      | Reached skill level 5 in Short Blades
  5960 | D:7      | Found an ancient bone altar of Kikubaaqudgha.
  6395 | D:7      | Found Darestam's Armour Emporium.
  7334 | D:8      | Reached ** piety under Makhleb
  7334 | D:8      | Reached skill level 7 in Shields
  7718 | D:8      | Reached XP level 10. HP: 43/61 MP: 16/16
  8376 | D:8      | Found a staircase to the Lair.
  8380 | Lair:1   | Entered Level 1 of the Lair of Beasts
  8494 | Lair:1   | Reached skill level 5 in Spellcasting
  8753 | Lair:1   | Found a dark tunnel.
  8873 | Volcano  | Entered a volcano
  8947 | Volcano  | HP: 2/63 [fire bat (7)]
  9306 | Lair:1   | Noticed a spiny frog
  9322 | Lair:1   | Killed a spiny frog
  9646 | Lair:1   | Reached skill level 8 in Shields
  9778 | Lair:1   | Noticed an elephant
  9780 | Lair:1   | Noticed an elephant
  9781 | Lair:1   | Noticed an elephant
  9783 | Lair:1   | Noticed an elephant
  9785 | Lair:1   | Noticed an elephant
  9860 | Lair:1   | Slain by an elephant

Vault maps used:
D:1:      dpeg_arrival_yet_another_circle, kennysheep_nondescript
D:2:      dancing_weapons_uskayaw, ashenzari_altar_1, uniq_sigmund
D:3:      kennysheep_the_goblin_king, nicolae_dithmenos_through_a_glass_darkly,
          yredelemnul_altar_generic, minitemple, okawaru_gym_becter,
          ecumenical_altar_1, minmay_misc_feat_five
D:4:      bloody_makhleb, first_bread, uniq_menkaure
D:6:      minmay_ruffians
D:7:      kiku_gazebo_pond_becter, serial_shops, nicolae_shop_trees, the_bakery
D:8:      lemuel_upstairs_altar, lair_0_dummy, minivault_27, roderic_lattice_a,
          st_stairs_14
Lair:1:   nicolae_volcano_entry_two_sided
Volcano:  volcano_grotto

Skill      XL: |  1  2  3  4  5  6  7  8  9 10 |
---------------+-------------------------------+-----
Short Blades   | 2 3 4 5 6 |  6.5
Shields        | 4 5 6 7 8 |  8.0
Dodging        | 1 2 |  2.1
Armour         | 4 5 6 7 |  7.7
Fighting       | 4 5 6 7 |  7.4
Spellcasting   | 2 3 4 5 |  5.3
Necromancy     | 1 2 3 4 |  4.6
Stealth        | |  0.5

Action                   |  1- 3 |  4- 6 |  7- 9 | 10-12 || total
-------------------------+-------+-------+-------+-------++-------
Melee: Rapier            |    25 |    79 |   607 |   247 ||   958
       Short sword       |   116 |   166 |       |       ||   282
  Use: Scroll            |     4 |     3 |    12 |     2 ||    21
       Potion            |     3 |     3 |     6 |     1 ||    13
  Eat: Chunk             |       |     8 |    10 |     5 ||    23
       Bread ration      |       |       |     1 |     1 ||     2
Armor: Scale mail        |   128 |   109 |     6 |       ||   243
       Chain mail        |       |       |    84 |       ||    84
       Plate armour      |       |       |   216 |   161 ||   377
Dodge: Dodged            |    90 |    73 |   101 |    55 ||   319
Block: Shield            |    99 |   126 |   313 |   151 ||   689
